 Dungeon Crawl Stone Soup version 0.29.1-1-gd02db6906a (webtiles) character file.

Game seed: 4813523062527292493

39 Kahsius the Chopper (level 3, -1/33 HPs)
             Began as a Hill Orc Monk on Sept 21, 2022.
             Slain by a gnoll
             ... wielding a +0 spear
              (5 damage)
             ... on level 1 of the Dungeon.
             The game lasted 00:02:28 (1754 turns).

Kahsius the Chopper (Hill Orc Monk)                 Turns: 1754, Time: 00:02:28

Health: -1/33      AC: 11    Str: 15    XL:     3   Next: 47%
Magic:  3/3        EV:  0    Int: 10    God:
Gold:   72         SH: 10    Dex: 13    Spells: 2/2 levels left

rFire   . . .      SeeInvis .   a - +0 hand axe
rCold   . . .      Faith    .   g - +0 tower shield
rNeg    . . .      Spirit   .   d - +0 plate armour
rPois   .          Reflect  .   (no helmet)
rElec   .          Harm     .   (no cloak)
rCorr   .          Rampage  .   (no gloves)
Will    .....                   o - +0 pair of boots
Stlth   ..........              (no amulet)
HPRegen 0.11/turn               (no ring)
MPRegen 0.08/turn               (no ring)

@: no status effects
A: no striking features
a: no special abilities


You were on level 1 of the Dungeon.
You visited 1 branch of the dungeon, and saw 2 of its levels.

You collected 72 gold pieces.

Inventory:

Hand Weapons
 a - a +0 hand axe (weapon)
Armour
 b - a +0 robe
 d - a +0 plate armour (worn)
 g - a +0 tower shield (worn)
 o - a +0 pair of boots (worn)
Scrolls
 e - 4 scrolls of teleportation {unknown}
 f - 2 scrolls of acquirement {unknown}
 h - 2 scrolls of enchant armour {unknown}
 j - 4 scrolls of identify {unknown}
 l - a scroll of amnesia {unknown}
 n - a scroll of fog {unknown}
Potions
 c - a potion of ambrosia
 i - a potion of attraction {unknown}
 k - a potion of heal wounds {unknown}
 m - a potion of cancellation {unknown}
 p - a potion of might {unknown}


   Skills:
 + Level 4.2 Fighting
 * Level 5.3 Axes
 - Level 2.4 Dodging
 - Level 1.5 Stealth


You had 2 spell levels left.
You didn't know any spells.
Your spell library contained the following spells:

 Spells                   Type           Power      Damage    Failure   Level
 Apportation              Tloc           0%         N/A       100%        1
 Necrotise                Necr           0%         1d4       100%        1
 Summon Small Mammal      Summ           0%         N/A       100%        1
 Sublimation of Blood     Necr           0%         N/A       100%        2
 Petrify                  Tmut/Erth      0%         N/A       100%        4
 Fireball                 Conj/Fire      0%         3d3       100%        5
 Irradiate                Conj/Tmut      0%         3d11      100%        5
 Iskenderun's Battlesphe  Conj           0%         2d6       100%        5
 Conjure Ball Lightning   Conj/Air       0%         3x3d6     100%        6
 Orb of Destruction       Conj           0%         9d5       100%        7


Dungeon Overview and Level Annotations

Branches:
Dungeon (2/15)

Altars:


Message History

The gnoll hits you but does no damage.
The gnoll hits you from afar with a +0 spear.
You block the gnoll's attack. The gnoll hits you with a +0 spear.
You are too injured to fight recklessly!
You are too injured to fight recklessly!
The gnoll hits you from afar with a +0 spear.
You open the door. You block the gnoll's attack.
There is an open door here.
The gnoll hits you but does no damage. The gnoll hits you but does no damage.
You block the gnoll's attack. You block the gnoll's attack.
There is a stone staircase leading up here.
The gnoll hits you but does no damage.
The gnoll hits you from afar with a +0 spear.
The gnoll hits you but does no damage. You block the gnoll's attack.
There is a stone staircase leading up here.
You block the gnoll's attack. The gnoll hits you with a +0 spear.
The gnoll hits you with a +0 flail.
You climb upwards.
There is a stone staircase leading down here.
You hit the gnoll but do no damage. You barely miss the gnoll.
You block the gnoll's attack. x2
You hit the gnoll.
The gnoll is lightly wounded.
You hit the gnoll.
The gnoll hits you but does no damage. x2
You block the gnoll's attack. The gnoll completely misses you.
You hit the gnoll.
The gnoll is moderately wounded.
You hit the gnoll but do no damage. You block the gnoll's attack. x2
You hit the gnoll but do no damage.
The gnoll is moderately wounded.
You barely miss the gnoll. You block the gnoll's attack.
The gnoll hits you with a +0 spear. The gnoll hits you with a +0 flail!
* * * LOW HITPOINT WARNING * * *
You block the gnoll's attack.
You completely miss the gnoll.
The gnoll is moderately wounded.
You hit the gnoll. The gnoll hits you but does no damage.
The gnoll hits you with a +0 spear.
You die...

###.#########
#...#.......#
#.###.#####.# #####
..#...# ###.####...#
###.### #.....##.#.#
#...#####.######.#.#
#.####....# ####.#.#
..####.######..g.#.#
................@#.#
######.####...#.g..####
# #.# ###.#.......# #
#.# #...#..####.# #.#
#.###.......####
######.#
#.......##.....#
....##.#
######..##.###.#
###....# #..##.....#
.....### #..########


You could see 2 gnolls.

Vanquished Creatures
  An adder (D:2)
  A dart slug (D:1)
  6 ball pythons
  6 bats
  3 endoplasms (D:1)
  2 goblins (D:1)
  3 hobgoblins
  2 quokkas (D:2)
  A frilled lizard (D:1)
  A kobold (D:1)
  2 rats (D:2)
28 creatures vanquished.

Notes
Turn   | Place    | Note
-------+----------+-------------------------------------------
     0 | D:1      | Kahsius the Hill Orc Monk began the quest for the Orb.
     0 | D:1      | Reached XP level 1. HP: 19/19 MP: 1/1
   367 | D:1      | Reached XP level 2. HP: 27/27 MP: 2/2
   997 | D:2      | Reached skill level 5 in Axes
  1030 | D:2      | Reached XP level 3. HP: 33/33 MP: 3/3
  1754 | D:1      | Slain by a gnoll

Illustrated notes

Levels and vault maps discovered:
D:1:      shiori_shiawase, layout_basic, minmay_misc_feat_diagonals
D:2:      layout_loops_corners

Skill      XL: |  1  2 |
---------------+-------+-----
Fighting       | 4 |  4.2
Axes           | 5 |  5.3
Dodging        | |  2.4
Stealth        | |  1.5

Action                   || total
-------------------------++-------
Melee: Hand axe          ||   133
Armor: Plate armour      ||   126
Dodge: Dodged            ||    11
Block: Tower shield      ||   116
